Map: Île des contrebandiers EC

Players

turbopete - Winner!

  • Race: Terran Terran
  • League: Gold
  • Spawn Location: 5:00

zidar

  • Race: Zerg Zerg
  • League: Gold
  • Spawn Location: 11:00

VOD

Have the link to the VOD?

Description

Time

  • Played on: Sept. 1, 2017, 11:15 a.m.
  • Length: 11:35
Show
View Real Time Build Order
Export as new Build Order

turbopete Terran - Winner!

Build Orders: Reaper Expand 

Get SALT Encoding   

  12  0:01  SCV  
  13  0:13  SCV  
  14  0:17  Supply Depot  
  14  0:25  SCV  
  15  0:39  SCV  
  15  0:40  Barracks  
  16  0:45  Refinery  
  16  0:51  SCV  
  17  1:03  SCV  
  18  1:15  SCV  
  19  1:29  Orbital Command  
  19  1:33  Reaper  
  20  1:47  Command Center  
  20  1:59  Barracks  
  20  2:02  SCV  
  21  2:16  SCV  
  21  2:19  Barracks Reactor  
  22  2:27  Supply Depot  
  22  2:28  SCV  
  23  2:34  Factory  
  23  2:36  Refinery  
  23  3:03  Marine x2  
  25  3:07  Barracks Tech Lab  
  25  3:09  SCV  
  25  3:11  Orbital Command  
  26  3:16  Bunker  
  26  3:21  SCV  
  26  3:22  Factory Tech Lab  
  26  3:23  Marine  
  26  3:24  Marine  
  29  3:29  Marauder  
  29  3:32  Stimpack  
  29  3:33  SCV  
  32  3:43  Marine x2  
  34  3:56  Siege Tank  
  34  3:59  Refinery, SCV x2  
  34  4:01  Marauder  
  34  4:02  Marine x2  
  43  4:10  Supply Depot  
  43  4:19  Refinery  
  43  4:24  SCV x2  
  44  4:25  Starport  
  44  4:30  Engineering Bay  
  45  4:36  SCV x2  
  47  4:44  Marine x2  
  47  4:45  Marauder  
  51  4:47  Siege Tank  
  54  4:56  Supply Depot  
  54  5:02  Starport Reactor  
  54  5:14  SCV  
  54  5:16  Marine x2, SCV  
  54  5:17  Marauder  
  44  5:23  Orbital Command  
  44  5:26  SCV  
  40  5:33  Marine  
  40  5:34  Marine  
  38  5:39  SCV  
  38  5:49  Siege Tank  
  41  5:50  Marauder  
  42  6:00  SCV  
  42  6:01  SCV  
  42  6:03  Marine x2  
  46  6:09  Medivac x2  
  50  6:24  Bunker  
  46  6:35  Supply Depot  
  46  6:37  Barracks Reactor  
  46  6:49  Marine  
  46  6:59  Orbital Command  
  46  7:00  Supply Depot  
  46  7:03  SCV  
  46  7:07  Marine  
  48  7:21  Bunker  
  48  7:28  SCV x2  
  48  7:29  Marine x2  
  52  7:30  Marauder  
  52  7:31  Siege Tank, Medivac x2  
  61  7:37  Supply Depot  
  61  7:38  Supply Depot x2  
  61  7:39  Supply Depot  
  61  7:48  SCV  
  62  7:58  Marine x2, SCV  
  62  7:59  Marauder  
  62  8:03  Medivac x2  
  71  8:11  Terran Infantry Weapons Level 1  
  71  8:20  Barracks  
  71  8:23  Barracks  
  71  8:27  SCV x2  
  71  8:30  Barracks  
  71  8:31  Combat Shield  
  71  8:33  Marine x2  
  71  8:34  Marauder  
  77  8:52  Medivac  
  77  8:55  SCV x2  
  81  9:02  Marine x2, Command Center  
  83  9:12  Barracks Reactor  
  83  9:13  Barracks Reactor  
  83  9:17  Barracks Tech Lab  
  83  9:20  Marauder  
  83  9:21  Marine x2, Siege Tank  
  90  9:26  SCV x2  
  92  9:38  Armory  
  92  9:40  Engineering Bay  
  92  9:42  Marine x2  
  94  9:52  Supply Depot  
  94  9:54  Supply Depot  
  94  9:57  Supply Depot  
  94  10:01  Concussive Shells  
  94  10:14  Marauder x2  
  98  10:16  Marine x2  
  98  10:17  Marine x4  
  98  10:20  Siege Tank  
  107  10:37  Marine x4  
  107  10:38  Marine  
Show
View Real Time Build Order
Export as new Build Order

zidar Zerg 

Build Orders: Pool First, Zergling Baneling 

Get SALT Encoding   

  12  0:02  Drone  
  13  0:13  Overlord  
  13  0:17  Drone  
  14  0:32  Drone x2  
  14  0:35  Drone  
  17  0:48  Spawning Pool  
  16  0:50  Drone  
  17  1:15  Hatchery  
  16  1:23  Drone  
  17  1:26  Extractor, Drone x2  
  18  1:35  Queen  
  20  1:43  Zergling x2  
  21  1:50  Drone  
  22  1:56  Overlord  
  22  2:14  Queen  
  24  2:32  Zergling x2  
  24  2:33  Zergling x6  
  24  2:35  Metabolic Boost  
  27  3:08  Drone x6  
  33  3:18  Extractor  
  32  3:21  Baneling Nest  
  32  3:25  Overlord x2  
  31  3:47  Zergling x18  
  40  4:31  Zergling x18  
  45  4:34  Baneling x8  
  48  4:55  Lair  
  48  4:57  Drone x3  
  51  5:01  Overlord x2  
  51  5:02  Overlord x2  
  35  5:25  Zergling x14  
  41  5:35  Zergling x2  
  39  6:01  Baneling x9  
  39  6:06  Drone x7  
  40  6:35  Queen  
  42  6:45  Hydralisk Den  
  40  7:02  Drone x11  
  51  7:18  Extractor  
  51  7:19  Extractor  
  51  7:21  Hatchery  
  48  7:33  Queen  
  50  7:49  Drone x3  
  53  8:03  Spore Crawler  
  52  8:08  Spore Crawler  
  52  8:10  Centrifical Hooks  
  51  8:28  Muscular Augments  
  51  8:30  Hydralisk x10  
  71  8:38  Hatchery  
  70  8:42  Drone x2  
  70  8:43  Drone x8  
  70  8:47  Drone x2  
  82  9:06  Evolution Chamber  
  81  9:10  Evolution Chamber  
  80  9:17  Extractor  
  80  9:19  Drone x6  
  80  9:21  Extractor  
  80  9:23  Drone x3  
  80  9:24  Drone x2  
  89  9:27  Overlord x3  
  89  9:28  Overlord x2  
  89  9:32  Zerg Melee Weapons Level 1  
  89  9:37  Zerg Ground Armor Level 1  
  89  10:20  Overlord  
  89  10:21  Overlord x2  
  89  10:28  Hydralisk x7  
  89  10:30  Zergling x28  
  89  10:34  Baneling x5  
  116  10:49  Infestation Pit  
  115  10:51  Baneling  
  115  10:52  Baneling x10  
  115  10:54  Zergling x4  
  115  10:55  Zergling x20  
Tags
 
Add a new tag
Caveats
  • Supply blocks, unpowered buildings, or Contaminate may cause inaccurate times.
  • Supply counts are checked every 10 seconds.